 Dungeon Crawl Stone Soup version 0.18.1-50-g88ac8fd (webtiles) character file.

13751 Peloso the Blocker (level 11, -8/99 HPs)
             Began as a Minotaur Fighter on Sept 22, 2016.
             Was a High Priest of Okawaru.
             Mangled by a spiny frog (13 damage)
             ... on level 2 of the Lair of Beasts.
             The game lasted 00:35:26 (12166 turns).

Peloso the Blocker (Minotaur Fighter)              Turns: 12166, Time: 00:35:29

Health: -8/99      AC: 20    Str: 21    XL:     11   Next: 79%
Magic:  11/11      EV:  9    Int:  5    God:    Okawaru [*****.]
Gold:   526        SH: 13    Dex: 15    Spells: 0 memorised, 10 levels left

rFire  . . .     SeeInvis .     G - +2 hand axe (flame)
rCold  . . .     Gourm    .     N - +1 plate armour
rNeg   . . .     Faith    .     c - +0 shield
rPois  .         Spirit   .     (helmet restricted)
rElec  .         Dismiss  .     u - +2 cloak
rCorr  .         Reflect  .     J - +0 pair of gloves
SustAt .         Harm     .     (no boots)
MR     .....                    (no amulet)
Stlth  ..........               M - +2 ring of dexterity
                                j - ring of flight

@: lethally poisoned (-8 -> -20), not resistant to hostile enchantments,
extremely unstealthy
A: retaliatory headbutt, horns 2
a: Heroism, Finesse, Renounce Religion, Evoke Flight


You were on level 2 of the Lair of Beasts.
You worshipped Okawaru.
Okawaru was extremely pleased with you.
You were not hungry.

You visited 3 branches of the dungeon, and saw 13 of its levels.
You also visited: Sewer and Ossuary.

You collected 526 gold pieces.

Inventory:

Hand Weapons
 a - a +0 long sword
 o - the +6 battleaxe of the Magi {pain, rC+ Dex+3 Stlth+}
   (You found it on level 8 of the Dungeon)

   In the hands of one skilled in necromantic magic, it inflicts extra damage on
   living creatures.
   It affects your dexterity (+3).
   It protects you from cold.
   It makes you more stealthy.
 v - a +1 scimitar of electrocution
 z - a +3 scimitar
 G - a +2 hand axe of flaming (weapon)
 S - the +11 great sword "Yxyf" {slice, Str+5 Int+3, unknown}
   (Okawaru gifted it to you on level 2 of the Lair of Beasts)

   It inflicts extra damage upon your enemies.
   It affects your strength (+5).
   It affects your intelligence (+3).
Armour
 c - a +0 shield (worn)
 u - a +2 cloak (worn)
 J - a +0 pair of gloves (worn)
 N - a +1 plate armour (worn)
Jewellery
 j - a ring of flight (left hand)
 M - a +2 ring of dexterity (right hand)
 Q - an uncursed ring of wizardry {unknown}
Wands
 b - a wand of flame (14/48)
 k - a wand of iceblast (7/15)
 q - a wand of flame (23/48)
 y - a wand of polymorph (11/24)
 C - a wand of iceblast (15/15)
 D - a wand of flame (21/48)
 E - a wand of flame (39/48)
 I - a wand of disintegration (5/24)
 P - a wand of iceblast (7/15)
 R - a wand of lightning (8/15)
Scrolls
 e - 3 scrolls of remove curse
 g - 5 scrolls of teleportation
 l - 3 scrolls of enchant armour
 n - a scroll of fear
 s - a scroll of enchant weapon
 t - 2 scrolls of recharging
 F - 3 scrolls of amnesia
Potions
 d - 2 potions of might
 h - 6 potions of flight
 m - 5 potions of curing
 w - a potion of lignification {unknown}
 x - 2 potions of haste
 A - a potion of heal wounds
 B - a potion of invisibility {unknown}
 H - a potion of berserk rage
 K - 2 potions of brilliance {unknown}
 O - a potion of agility {unknown}
Comestibles
 f - 8 bread rations
 i - 6 meat rations
 p - 4 beef jerkies
 r - 4 fruits
 L - 3 chunks of flesh


   Skills:
 + Level 10.1 Fighting
 + Level 11.2 Long Blades
 + Level 1.2 Axes
 + Level 10.3 Armour
 + Level 6.8 Dodging
 + Level 2.0 Stealth
 + Level 12.3 Shields
 + Level 1.5 Invocations
 + Level 1.0 Evocations


You had 10 spell levels left.
You didn't know any spells.

Dungeon Overview and Level Annotations

Branches:
Dungeon (10/15)            Temple (1/1) D:5            Lair (2/8) D:9
    Orc (0/2) D:10

Altars:
Cheibriados
Dithmenos
Gozag
Kikubaaqudgha
Nemelex Xobeh
Okawaru
Pakellas
Qazlal
Ru
Trog
Vehumet
Yredelemnul
Zin

Annotations:
Lair:1 exclusion: oklob plant


Innate Abilities, Weirdness & Mutations

You reflexively headbutt those who attack you in melee.
You have a pair of horns on your head.


Message History

Found a scroll of immolation.
Found a stone staircase leading up.
A spiny frog comes into view.
The spiny frog gives a loud, deep croak!
You hit the spiny frog. You burn the spiny frog.
The spiny frog is moderately wounded.
The spiny frog completely misses you.
The spiny frog stings you but does no damage.
You hit the spiny frog. You burn the spiny frog. You headbutt the spiny frog.
The spiny frog is heavily wounded.
The spiny frog stings you!
* * * LOW HITPOINT WARNING * * *
You are lethally poisoned!
The spiny frog poisons you!
You hit the spiny frog but do no damage.
You headbutt the spiny frog.
The spiny frog is severely wounded.
* * * LOW HITPOINT WARNING * * *
You feel very sick. You block the spiny frog's attack.
The spiny frog stings you!
You die...

.?ยง...................
#....#.#................
#... ###..............
#.... #.....)........
#....# #..............
#.....# #..............
.......###..............
.....#..##..............
......F@.....(..........
.....####...<...........
... ##.............. .
#..............
##.#..#########
.####..########.
.................
P................
P..>......#####..


You could see a spiny frog.

Vanquished Creatures
  The ghost of Quirk the Cleaver, a journeyman MiFi of Okawaru (Lair:2)
  A fire dragon (D:10)
  A hydra (Lair:2)
  A cyclops (D:10)
  The ghost of Flanowski the Digger, a novice GrEE of Sif Muna (D:6)
  A centaur skeleton (D:10)
  A kobold demonologist (Sewer)
  3 spiny frogs (Lair:1)
  A komodo dragon (Lair:1)
  3 trolls
  A two-headed ogre (D:10)
  Prince Ribbit (Lair:1)
  Grinder (Sewer)
  3 blink frogs (Lair:1)
  A vampire (D:10)
  2 wraiths (Ossuary)
  3 hippogriffs
  A hungry ghost (D:8)
  4 wargs (D:10)
  A soldier ant (D:10)
  2 porcupines (Lair:1)
  4 orc warriors
  Duvessa (D:6)
  An ice beast (D:10)
  An eye of draining (D:8)
  2 phantoms (D:8)
  3 sky beasts
  A black bear (D:10)
  2 necrophages
  3 ogres
  8 wolves
  A centaur (D:5)
  2 big kobolds (Sewer)
  7 giant frogs
  Dowan (D:6)
  2 wyvern skeletons
  A scorpion (D:8)
  4 killer bees (D:9)
  7 wights
  4 howler monkeys
  3 vampire bats (D:4)
  2 electric eels
  7 crimson imps
  3 giant frog zombies
  A giant frog skeleton (D:9)
  3 jellies
  2 quasits
  2 orc priests (D:5)
  Crazy Yiuf (D:7)
  A gnoll shaman (D:7)
  7 hounds
  7 orc wizards
  Ijyb (D:3)
  3 iguanas
  2 worker ants
  2 big kobold zombies (Sewer)
  Robin (D:2)
  17 adders
  8 gnolls
  5 shadow imps
  2 ufetubi (Sewer)
  4 oozes (Sewer)
  An adder skeleton (D:5)
  3 adder zombies (Ossuary)
  4 worms
  2 dart slugs
  8 giant geckos
  21 orcs
  3 ball pythons
  13 bats
  4 bat skeletons (D:4)
  A bat zombie (D:4)
  7 giant cockroaches
  12 goblins
  9 hobgoblins
  4 jackals
  A ball python skeleton (Ossuary)
  6 giant newts
  A hobgoblin skeleton (Ossuary)
  A hobgoblin zombie (Ossuary)
  21 kobolds
  3 kobold zombies
  An orc skeleton (Ossuary)
  An orc zombie (Ossuary)
  2 quokka skeletons
  8 rats
310 creatures vanquished.

Vanquished Creatures (others)
  A fungus (Lair:1)
1 creature vanquished.

Grand Total: 311 creatures vanquished

Notes
Turn   | Place    | Note
--------------------------------------------------------------
     0 | D:1      | Peloso the Minotaur Fighter began the quest for the Orb.
     0 | D:1      | Reached XP level 1. HP: 19/19 MP: 0/0
     1 | D:1      | Noticed an electric eel
   348 | D:1      | Reached XP level 2. HP: 27/27 MP: 1/1
   396 | D:1      | Reached skill level 4 in Shields
   954 | D:2      | Found a faded altar to an unknown god.
   985 | D:2      | Reached XP level 3. HP: 33/33 MP: 2/2
  1125 | D:2      | Noticed Robin
  1125 | D:2      | Found a sparkling altar of Nemelex Xobeh.
  1406 | D:2      | Killed Robin
  1419 | D:2      | Reached skill level 1 in Dodging
  1419 | D:2      | Reached XP level 4. HP: 36/40 MP: 3/3
  1450 | D:2      | Found a shadowy altar of Dithmenos.
  1905 | D:3      | Found a snail-covered altar of Cheibriados.
  1907 | D:3      | Found a radiant altar of Vehumet.
  1910 | D:3      | Found a stormy altar of Qazlal.
  1911 | D:3      | Found a basalt altar of Yredelemnul.
  1912 | D:3      | Found a bloodstained altar of Trog.
  1932 | D:3      | Noticed Ijyb
  1942 | D:3      | Killed Ijyb
  1942 | D:3      | Reached skill level 5 in Shields
  2136 | D:3      | Reached XP level 5. HP: 43/47 MP: 4/4
  2595 | D:4      | Found an opulent altar of Gozag.
  2596 | D:4      | Found a glowing silver altar of Zin.
  2708 | D:4      | Found a sand-covered staircase.
  2713 | Ossuary  | Entered an ossuary
  3050 | Ossuary  | Reached XP level 6. HP: 53/53 MP: 5/5
  3073 | Ossuary  | Noticed a flying skull
  3073 | Ossuary  | Noticed a wraith
  3080 | Ossuary  | Noticed a flying skull
  3082 | Ossuary  | Noticed a flying skull
  3091 | Ossuary  | Noticed a flying skull
  3091 | Ossuary  | Noticed a flying skull
  3122 | Ossuary  | Noticed a wraith
  3132 | Ossuary  | Killed a wraith
  3132 | Ossuary  | Reached skill level 5 in Armour
  3132 | Ossuary  | Reached skill level 6 in Shields
  3219 | Ossuary  | Noticed a wraith
  3243 | Ossuary  | Killed a wraith
  3243 | Ossuary  | Reached skill level 5 in Fighting
  3243 | Ossuary  | Reached XP level 7. HP: 6/61 MP: 6/6
  3825 | D:4      | Found an ancient bone altar of Kikubaaqudgha.
  4202 | D:4      | Found a sacrificial altar of Ru.
  4410 | D:5      | Entered Level 5 of the Dungeon
  4720 | D:5      | Reached XP level 8. HP: 46/69 MP: 7/7
  4748 | D:5      | Found a staircase to the Ecumenical Temple.
  4832 | D:5      | Reached skill level 7 in Shields
  4970 | D:5      | Found a glowing drain.
  4979 | Sewer    | Entered a sewer
  5083 | Sewer    | Reached skill level 5 in Long Blades
  5092 | Sewer    | Reached skill level 1 in Stealth
  5114 | Sewer    | Found a burning altar of Makhleb.
  5201 | Sewer    | Noticed Grinder
  5201 | Sewer    | Paralysed by Grinder for 7 turns
  5225 | Sewer    | Killed Grinder
  5532 | Sewer    | Noticed an apprentice kobold demonologist
  5546 | Sewer    | Reached skill level 5 in Dodging
  5552 | Sewer    | Killed an apprentice kobold demonologist
  5976 | Temple   | Entered the Ecumenical Temple
  5994 | Temple   | Became a worshipper of Warmaster Okawaru
  6058 | D:5      | Found an iron altar of Okawaru.
  6365 | D:6      | Noticed Dowan
  6367 | D:6      | Noticed Duvessa
  6381 | D:6      | Killed Duvessa
  6381 | D:6      | Reached XP level 9. HP: 71/78 MP: 8/8
  6393 | D:6      | Killed Dowan
  6488 | D:6      | Noticed Flanowski's ghost (novice GrEE)
  6506 | D:6      | Killed Flanowski's ghost
  6506 | D:6      | Reached * piety under Okawaru
  6506 | D:6      | Reached skill level 8 in Shields
  6587 | D:6      | Reached skill level 1 in Evocations
  7340 | D:7      | Reached skill level 9 in Shields
  7400 | D:7      | Reached ** piety under Okawaru
  7583 | D:7      | Noticed Crazy Yiuf
  7587 | D:7      | Killed Crazy Yiuf
  8051 | D:8      | Got a steaming battleaxe
  8059 | D:8      | Identified the +6 battleaxe of the Magi {pain, rC+ Dex+3 Stlth+} (You found it on level 8 of the Dungeon)
  8214 | D:8      | Reached XP level 10. HP: 81/88 MP: 9/9
  8229 | D:8      | Found a shadowy altar of Dithmenos.
  8423 | D:8      | Found an oddly glowing altar of Pakellas.
  8756 | D:9      | Reached *** piety under Okawaru
  8789 | D:9      | Reached skill level 1 in Axes
  8874 | D:9      | Reached skill level 10 in Shields
  9490 | D:9      | Found a staircase to the Lair.
  9558 | D:10     | Entered Level 10 of the Dungeon
  9590 | D:10     | Reached **** piety under Okawaru
  9603 | D:10     | Found a staircase to the Orcish Mines.
  9647 | D:10     | Noticed a cyclops
  9649 | D:10     | Reached skill level 10 in Long Blades
  9912 | D:10     | Noticed a fire dragon
  9927 | D:10     | Reached skill level 11 in Shields
 10258 | D:10     | Killed a fire dragon
 10258 | D:10     | Reached ***** piety under Okawaru
 10258 | D:10     | Reached skill level 1 in Invocations
 10258 | D:10     | Reached XP level 11. HP: 78/97 MP: 8/10
 10281 | D:10     | Received a gift from Okawaru
 10789 | Lair:1   | Entered Level 1 of the Lair of Beasts
 10790 | Lair:1   | Noticed an oklob plant
 10994 | Lair:1   | Noticed Prince Ribbit
 11007 | Lair:1   | Killed Prince Ribbit
 11957 | Lair:1   | Reached skill level 12 in Shields
 12011 | Lair:1   | Reached skill level 10 in Armour
 12070 | Lair:2   | Noticed Quirk's ghost (journeyman MiFi)
 12117 | Lair:2   | Noticed a five-headed hydra
 12120 | Lair:2   | Killed Quirk's ghost
 12120 | Lair:2   | Received a gift from Okawaru
 12120 | Lair:2   | Reached skill level 10 in Fighting
 12128 | Lair:2   | Killed a one-headed hydra
 12130 | Lair:2   | Got a twisted great sword {god gift}
 12166 | Lair:2   | Mangled by a spiny frog

Skill      XL: |  1  2  3  4  5  6  7  8  9 10 11 |
---------------+----------------------------------+-----
Shields        | 4 5 6 7 9 11 12 | 12.3
Armour         | 4 5 6 7 8 9 10 | 10.3
Fighting       | 4 5 6 7 9 10 | 10.1
Dodging        | 1 2 3 4 5 6 |  6.8
Long Blades    | 3 4 6 8 10 11 | 11.2
Stealth        | 1 2 |  2.0
Evocations     | 1 |  1.0
Axes           | 1 |  1.2
Invocations    | 1 |  1.5

Action                   |  1- 3 |  4- 6 |  7- 9 | 10-12 || total
-------------------------+-------+-------+-------+-------++-------
Melee: Long sword        |   108 |   123 |       |       ||   231
       Headbutt          |    15 |    18 |    78 |    84 ||   195
       Scimitar          |       |    35 |   385 |   406 ||   826
       Battleaxe         |       |       |     4 |       ||     4
       Hand axe          |       |       |       |     9 ||     9
Invok: Heroism           |       |       |       |     7 ||     7
 Abil: Evoke Flight      |       |       |     3 |       ||     3
  Use: Potion            |       |     2 |     2 |     8 ||    12
       Scroll            |       |       |    18 |     3 ||    21
  Eat: Chunk             |     1 |     6 |    13 |    13 ||    33
       Fruit             |       |       |     2 |       ||     2
       Pizza             |       |       |     2 |       ||     2
       Royal jelly       |       |       |       |     1 ||     1
Armor: Scale mail        |    51 |    64 |   123 |       ||   238
       Plate armour      |       |       |    85 |   204 ||   289
Dodge: Dodged            |    48 |    51 |   153 |   126 ||   378
Block: Shield            |    66 |    96 |   235 |   310 ||   707
